 Dungeon Crawl Stone Soup version 0.22.1-1-ga44c0e5 (webtiles) character file.

11849 PeMo the Cleaver (level 11, -2/159 HPs)
             Began as a Deep Dwarf Berserker on Oct 13, 2018.
             Was a Priest of Trog.
             Succumbed to a redback's poison
             ... on level 10 of the Dungeon.
             The game lasted 00:47:03 (8583 turns).

PeMo the Cleaver (Deep Dwarf Berserker)             Turns: 8583, Time: 00:47:03

Health: -2/159     AC: 18    Str: 29    XL:     11   Next: 54%
Magic:  24/24      EV:  8    Int:  5    God:    Trog [***...]
Gold:   434        SH:  0    Dex: 10    Spells: 10/10 levels left

rFire    . . .     SeeInvis +   Z - +4 morningstar of the Bear {crush, rElec MR+++ Int-3 Dex-2}
rCold    . . .     Gourm    .   (no shield)
rNeg     . . .     Faith    +   P - +0 plate armour
rPois    .         Spirit   .   j - +0 helmet
rElec    +         Reflect  .   (no cloak)
rCorr    .         Harm     .   z - +1 pair of gloves
MR       +++++                  (no boots)
Stlth    ..........             R - amulet of faith
HPRegen  1.00/turn              D - ring "Nurywki" {MR+ MP+9 AC+1 SInv}
MPRegen  0.19/turn              (no ring)

@: berserking (expiring), lethally poisoned (-2 -> -94), non-regenerating, very
quick
A: damage resistance, heal wounds, sense surroundings 2, no regeneration
a: Heal Wounds, Berserk, Trog's Hand, Renounce Religion


You were on level 10 of the Dungeon.
You worshipped Trog.
Trog was most pleased with you.
You were near starving.

You visited 2 branches of the dungeon, and saw 11 of its levels.
You also visited: Sewer.

You collected 434 gold pieces.

Inventory:

Hand Weapons
 f - a +3 long sword
 L - a +1 mace of protection
 N - the +4 war axe of Valabriug {elec, rPois rF+ Str+4 Dex-3}
   (You found it on level 7 of the Dungeon)

   Occasionally, upon striking a foe, it will discharge some electrical energy
   and cause terrible harm.
   It affects your strength (+4).
   It affects your dexterity (-3).
   It protects you from fire.
   It protects you from poison.
 Z - the +4 morningstar of the Bear (weapon) {crush, rElec MR+++ Int-3 Dex-2}
   (You found it on level 10 of the Dungeon)

   It inflicts extra damage upon your enemies.
   It affects your intelligence (-3).
   It affects your dexterity (-2).
   It insulates you from electricity.
   It affects your resistance to hostile enchantments.
Missiles
 T - 2 tomahawks (quivered)
Armour
 b - a +2 robe of cold resistance
 i - a +2 animal skin
 j - a +0 helmet (worn)
 z - a +1 pair of gloves (worn)
 P - a +0 plate armour (worn)
Jewellery
 d - an uncursed ring of ice
 h - an uncursed amulet of the gourmand
 D - the ring "Nurywki" (left hand) {MR+ MP+9 AC+1 SInv}
   (You found it on level 4 of the Dungeon)

   [ring of protection]

   It affects your AC (+1).
   It affects your resistance to hostile enchantments.
   It affects your magic capacity (+9).
   It lets you see invisible.
 H - an uncursed ring of teleportation
 R - an amulet of faith (around neck)
 X - an uncursed ring of positive energy {unknown}
Wands
 C - a wand of iceblast (4)
 M - a wand of paralysis (20)
 S - a wand of random effects (26)
 V - a wand of polymorph (4)
Scrolls
 a - a scroll of holy word {unknown}
 e - 3 scrolls of immolation
 g - a scroll of fear {unknown}
 k - a scroll of blinking {unknown}
 l - 3 scrolls of identify
 n - 3 scrolls of magic mapping
 q - a scroll of fog {unknown}
 s - a scroll of enchant armour {unknown}
 x - 2 scrolls of amnesia
 y - 3 scrolls of remove curse
Potions
 m - 3 potions of heal wounds {unknown}
 r - 2 potions of magic {unknown}
 t - 5 potions of degeneration {unknown}
 w - 2 potions of flight {unknown}
 A - 3 potions of curing {unknown}
 B - a potion of cancellation {unknown}
 F - 2 potions of brilliance {unknown}
 O - a potion of mutation {unknown}
 Q - a potion of resistance {unknown}
 U - a potion of haste {unknown}
 Y - a potion of berserk rage
Comestibles
 c - 19 rations
 W - 5 chunks of flesh


   Skills:
 * Level 9.5 Fighting
 - Level 11.0(12.5) Axes
 * Level 9.4(11.3) Maces & Flails
 + Level 7.3 Armour
 - Level 2.3 Dodging
 + Level 6.1 Evocations


You had 10 spell levels left.
You didn't know any spells.
Your spell library was empty.

Dungeon Overview and Level Annotations

Branches:
Dungeon (10/15)            Temple (1/1) D:6             Orc (0/2) D:9
   Lair: D:8-11

Altars:
Ashenzari
Cheibriados
Dithmenos
Elyvilon
Fedhas
Gozag
Hepliaklqana
Kikubaaqudgha
Makhleb
Nemelex Xobeh
Okawaru
Qazlal
Ru
Sif Muna
Trog
Uskayaw
Vehumet
Wu Jian
Xom
Yredelemnul
Zin
The Shining One

Shops:
D:6 %

Annotations:
D:8 1 runed door, Zebedee's ghost, novice OgFE


Innate Abilities, Weirdness & Mutations

You are resistant to damage.
You can heal yourself by infusing magical energy.
You passively map the area around you.
You do not regenerate.


Message History

The crimson imp hits you but does no damage.
You thump the manticore!
The manticore is moderately wounded.
* * * LOW HITPOINT WARNING * * *
You feel very sick. The redback bites you.
The manticore bites you but does no damage.
The manticore barely misses you.
The manticore claws you but does no damage.
You are too berserk!
You bludgeon the manticore!!
The manticore is severely wounded.
* * * LOW HITPOINT WARNING * * *
You feel very sick. The redback completely misses you.
The crimson imp hits you but does no damage.
A hippogriff comes into view.
Your plate armour prevents you from hitting the manticore.
The manticore is severely wounded.
You die...

#.# ##.... #.# **
#### * * #.....
#.. #... , #...#.
### #..H , #...).
#... , * ##....
#...* #...Y
#...###### #.#.#
#..†s.5..# ###.#Y#
#..H@....# #.....#
######........#
#.#.###
#....########'#
#.#.### #.#####.#
##.# #.#...Y #.#
##.####..# #.#####
##.####...|....#
#.#
#........#####.#
#Y#
#..####.######.###
#Y# #..#
#..........# #.#


You could see a manticore, a hippogriff, a redback and a crimson imp.

Vanquished Creatures
  A sphinx (D:10)
  Snorg (D:10)
  Fannar (D:10)
  The ghost of Folque the Arsonist, a journeyman HuFE of Vehumet (D:10)
  A two-headed ogre (D:9)
  A meliai (shapeshifter) (D:10)
  Prince Ribbit (D:7)
  2 hippogriffs (D:10)
  10 yaks (D:10)
  A spriggan (D:7)
  2 wraiths
  A wyvern (D:6)
  A vampire mosquito (D:10)
  A hungry ghost (D:7)
  3 wargs (D:9)
  A water moccasin (D:10)
  4 ice beasts
  A phantom (D:4)
  A black bear (D:7)
  A sky beast (D:10)
  4 ogres
  A centaur (D:5)
  A crocodile (D:10)
  3 big kobolds
  4 bullfrogs
  6 scorpions
  4 killer bees (D:8)
  4 howler monkeys
  A quasit (D:10)
  A bullfrog zombie (D:6)
  3 centaur zombies
  6 crimson imps
  A hound (D:9)
  8 jellies
  7 orc priests
  2 bullfrog skeletons (D:9)
  Terence (D:3)
  13 orc wizards
  5 iguanas
  8 worker ants
  A hound zombie (D:5)
  A howler monkey zombie (D:6)
  Robin (D:3)
  A howler monkey skeleton (D:10)
  6 adders
  3 gnolls (D:3)
  A river rat (Sewer)
  2 shadow imps
  2 adder zombies
  5 adder skeletons
  4 worms (D:2)
  8 leopard geckos
  24 orcs
  9 bats
  7 giant cockroaches
  15 goblins
  5 hobgoblins
  16 jackals
  17 kobolds
  A quokka (D:4)
  7 frilled lizards
  A leopard gecko zombie (D:6)
  3 quokka skeletons
  8 rats
267 creatures vanquished.

Notes
Turn   | Place    | Note
-------+----------+-------------------------------------------
     0 | D:1      | PeMo the Deep Dwarf Berserker began the quest for the Orb.
     0 | D:1      | Reached XP level 1. HP: 20/20 MP: 1/1
   113 | D:1      | Reached XP level 2. HP: 24/27 MP: 2/2
   562 | D:1      | You fall through a shaft!
   570 | D:2      | Reached XP level 3. HP: 27/34 MP: 3/3
   574 | D:2      | Reached ** piety under Trog
   716 | D:2      | Reached XP level 4. HP: 29/42 MP: 4/4
  1459 | D:3      | Noticed Terence
  1469 | D:3      | Killed Terence
  1469 | D:3      | Reached XP level 5. HP: 49/49 MP: 5/5
  1471 | D:3      | Found a glowing drain.
  1497 | D:3      | Noticed Robin
  1549 | D:3      | Killed Robin
  1575 | Sewer    | Entered a sewer
  1690 | Sewer    | Reached skill level 5 in Maces & Flails
  1761 | Sewer    | Found a white marble altar of Elyvilon.
  1853 | D:3      | Reached XP level 6. HP: 47/57 MP: 6/6
  2557 | D:4      | Reached XP level 7. HP: 35/64 MP: 7/7
  2787 | D:4      | Got a scorched wooden ring
  3203 | D:5      | Entered Level 5 of the Dungeon
  3323 | D:5      | Identified the ring "Nurywki" {MR+ MP+9 AC+1 SInv} (You
                  | found it on level 4 of the Dungeon)
  3403 | D:5      | Reached skill level 5 in Armour
  3584 | D:5      | Reached skill level 1 in Evocations
  4216 | D:5      | Reached XP level 8. HP: 47/73 MP: 9/9
  4641 | D:5      | Reached skill level 5 in Fighting
  4972 | D:6      | Found a staircase to the Ecumenical Temple.
  5012 | Temple   | Entered the Ecumenical Temple
  5643 | D:7      | Gained mutation: You passively map the area around you.
                  | [Deep Dwarf growth]
  5643 | D:7      | Reached XP level 9. HP: 55/82 MP: 12/12
  5819 | D:7      | Reached skill level 5 in Evocations
  5824 | D:7      | Got a smoking war axe
  5842 | D:7      | Identified the +4 war axe of Valabriug {elec, rPois rF+
                  | Str+4 Dex-3} (You found it on level 7 of the Dungeon)
  5875 | D:7      | Noticed Prince Ribbit
  5882 | D:7      | Killed Prince Ribbit
  5882 | D:7      | Reached skill level 2 in Axes
  5962 | D:7      | Found a shimmering altar of Xom.
  6115 | D:7      | Reached skill level 3 in Axes
  6215 | D:8      | Found a runed door.
  6215 | D:8      | Found a shimmering altar of Xom.
  6215 | D:8      | Noticed Zebedee's ghost (novice OgFE)
  6215 | D:8      | Noticed a falchion of chaos
  6280 | D:8      | Reached skill level 4 in Axes
  6348 | D:8      | Reached skill level 5 in Axes
  6677 | D:8      | Found a shattered altar of Ashenzari.
  6883 | D:9      | Found a staircase to the Orcish Mines.
  6893 | D:9      | Reached skill level 6 in Axes
  7093 | D:9      | Reached XP level 10. HP: 82/94 MP: 13/13
  7172 | D:9      | Reached skill level 7 in Axes
  7580 | D:6      | Found Vegeogu's Food Shoppe.
  7820 | D:9      | Noticed a two-headed ogre
  7832 | D:9      | Killed a two-headed ogre
  7832 | D:9      | Reached skill level 8 in Axes
  7903 | D:10     | Entered Level 10 of the Dungeon
  7964 | D:10     | Reached skill level 9 in Axes
  8021 | D:10     | Noticed Snorg
  8035 | D:10     | Killed Snorg
  8035 | D:10     | Reached skill level 10 in Axes
  8213 | D:10     | Noticed Fannar
  8286 | D:10     | Noticed a manticore
  8290 | D:10     | Reached XP level 11. HP: 90/104 MP: 14/14
  8292 | D:10     | Found a large runed door.
  8292 | D:10     | Found a large runed door.
  8292 | D:10     | Noticed Folque's ghost (journeyman HuFE)
  8320 | D:10     | Killed Folque's ghost
  8320 | D:10     | Reached skill level 11 in Axes
  8333 | D:10     | Got a faintly glowing morningstar
  8334 | D:10     | Identified the +4 morningstar of the Bear {crush, rElec
                  | MR+++ Int-3 Dex-2} (You found it on level 10 of the
                  | Dungeon)
  8463 | D:10     | Reached *** piety under Trog
  8490 | D:10     | Killed Fannar
  8569 | D:10     | Noticed a sphinx
  8579 | D:10     | Killed a sphinx
  8582 | D:10     | HP: 5/159 [poisoned by a redback]
  8583 | D:10     | Succumbed to a redback's poison

Skill      XL: |  1  2  3  4  5  6  7  8  9 10 11 |
---------------+----------------------------------+-----
Fighting       | 3 4 5 7 8 9 |  9.5
Armour         | 3 4 5 6 7 |  7.3
Maces & Flails | 4 5 7 8 9 |  9.4
Evocations     | 2 4 5 6 |  6.1
Axes           | 6 10 11 | 11.0
Dodging        | |  2.3

Action                   |  1- 3 |  4- 6 |  7- 9 | 10-12 || total
-------------------------+-------+-------+-------+-------++-------
Melee: Mace              |    90 |   268 |   391 |       ||   749
       War axe           |       |       |   106 |   137 ||   243
       Morningstar       |       |       |       |    58 ||    58
Invok: Berserk           |     3 |     5 |    11 |     5 ||    24
       Trog's Hand       |     1 |    11 |    25 |    12 ||    49
 Abil: Heal Wounds       |       |       |     2 |     1 ||     3
Evoke: Wand              |       |       |     1 |     3 ||     4
  Use: Potion            |       |     2 |       |       ||     2
       Scroll            |       |       |     7 |     2 ||     9
  Eat: Chunk             |    12 |     8 |    43 |     9 ||    72
       Ration            |       |       |     1 |       ||     1
Armor: Animal skin       |    29 |    10 |       |       ||    39
       Scale mail        |       |   101 |   180 |       ||   281
       Skin              |       |    66 |       |       ||    66
       Plate armour      |       |       |    56 |   116 ||   172
Dodge: Dodged            |    81 |   189 |   293 |    62 ||   625
